 Dungeon Crawl Stone Soup version 0.24-a0-779-g36f0aeb843 (webtiles) character file.

Game seed: 17862322131113374195, levelgen mode: deterministic

849 Gynju the Magician (level 7, -1/36 HPs)
             Began as a Deep Elf Fire Elementalist on Oct 8, 2019.
             Was a Follower of Vehumet.
             Slain by a crimson imp (2 damage)
             ... on level 4 of the Dungeon.
             The game lasted 00:10:39 (4971 turns).

Gynju the Magician (Deep Elf Fire Elementalist)     Turns: 4971, Time: 00:10:40

Health: -1/36      AC:  2    Str:  5    XL:     7   Next: 69%
Magic:  18/18      EV: 15    Int: 22    God:    Vehumet [*.....]
Gold:   92         SH:  0    Dex: 15    Spells: 12/18 levels left

rFire    . . .     SeeInvis .   q - staff of death
rCold    . . .     Gourm    .   (no shield)
rNeg     + . .     Faith    .   a - +0 robe
rPois    .         Spirit   .   (no helmet)
rElec    .         Reflect  .   (no cloak)
rCorr    +         Harm     .   (no gloves)
MR       .....                  (no boots)
Stlth    ++........             b - amulet of regeneration
HPRegen  0.52/turn              p - ring of resist corrosion
MPRegen  0.16/turn              (no ring)

@: no status effects
A: no striking features
a: Renounce Religion


You were on level 4 of the Dungeon.
You worshipped Vehumet.
Vehumet was aware of your devotion.
You were not hungry.

You visited 2 branches of the dungeon, and saw 6 of its levels.

You collected 92 gold pieces.

Inventory:

Armour
 a - a +0 robe (worn)
Magical Staves
 q - an uncursed staff of death (weapon)
Jewellery
 b - an amulet of regeneration (around neck)
 j - an uncursed amulet of rage {unknown}
 p - a ring of resist corrosion (left hand)
Scrolls
 e - 3 scrolls of remove curse {@r2}
 h - a scroll of magic mapping
 k - 2 scrolls of teleportation
 l - a scroll of identify {@r1}
Potions
 d - a potion of degeneration
 f - a potion of cancellation {unknown}
 g - a potion of resistance {unknown}
 i - a potion of lignification {unknown}
 m - a potion of might {unknown}
 n - a potion of heal wounds {unknown}
 o - a potion of flight {unknown}
Comestibles
 c - 4 rations
 r - 5 chunks of flesh


   Skills:
 + Level 5.7 Dodging
 - Level 2.4 Stealth
 + Level 6.3 Spellcasting
 + Level 4.7 Conjurations
 + Level 5.8 Fire Magic


You had 12 spell levels left.
You knew the following spells:

 Your Spells              Type           Power        Failure   Level  Hunger
a - Flame Tongue          Conj/Fire      ####.        1%          1    None
b - Throw Flame           Conj/Fire      ####..       1%          2    None
c - Conjure Flame         Conj/Fire      ####....     3%          3    #......

Your spell library contained the following spells:

 Spells                   Type           Power        Failure   Level  Hunger
 Freeze                   Ice            #...         9%          1    None
 Inner Flame              Hex/Fire       ###.....     8%          3    #......
 Sticky Flame             Conj/Fire      ####....     10%         4    ###....
 Fireball                 Conj/Fire      ####......   28%         5    #####..


Dungeon Overview and Level Annotations

Branches:
Dungeon (5/15)             Temple (1/1) D:4

Altars:
Ashenzari
Cheibriados
Dithmenos
Fedhas
Gozag
Hepliaklqana
Kikubaaqudgha
Makhleb
Nemelex Xobeh
Okawaru
Sif Muna
Trog
Vehumet
Xom
Yredelemnul
Zin

Shops:
D:5 ??

Annotations:
D:3 Grinder
D:4 exclusion: statue


Message History

You hit the crimson imp but do no damage.
The crimson imp hits you with a +1 quarterstaff of protection.
* * * LOW HITPOINT WARNING * * *
The crimson imp hits you.
* * * LOW HITPOINT WARNING * * *
The crimson imp misses you.
You hit the crimson imp.
The crimson imp is lightly wounded.
The crimson imp hits you.
* * * LOW HITPOINT WARNING * * *
The crimson imp blinks!
The crimson imp closely misses you.
You hit the crimson imp but do no damage.
The crimson imp hits you but does no damage.
The crimson imp hits you.
* * * LOW HITPOINT WARNING * * *
You hit the crimson imp but do no damage.
The crimson imp barely misses you. x2; The crimson imp hits you.
* * * LOW HITPOINT WARNING * * *
The crimson imp completely misses you. The crimson imp hits you.
You die...

..#..# #..#..####........#.......
..#..# #).......#..###.####...⌠..
..#.####........#..###....##.....
..#..##....###.............###'##
....###.....##.................#
.......[.............######...##
##.............#....## #####
#....###...#..5§..## #...##
#..##.##@5.# #...# #.......#5.##
#...# #....#......# #####
#....##.#...# #...###.##.## #####
######


You could see 3 crimson imps.

Vanquished Creatures
  An ice beast (D:5)
  A phantom (D:4)
  2 ogres (D:5)
  A bullfrog (D:2)
  An orc priest (D:4)
  Jessica (D:2)
  Natasha (thrice) (D:2)
  4 worker ants
  Terence (D:2)
  2 hound skeletons
  6 adders
  An ooze (D:3)
  A worm (D:2)
  4 dart slugs
  5 leopard geckos
  6 orcs
  6 giant cockroaches
  7 goblins
  7 hobgoblins
  11 jackals
  2 quokkas
  9 bats
  8 frilled lizards
  A jackal skeleton (D:4)
  10 kobolds
  10 rats
111 creatures vanquished.

Notes
Turn   | Place    | Note
-------+----------+-------------------------------------------
     0 | D:1      | Gynju the Deep Elf Fire Elementalist began the quest for
                  | the Orb.
     0 | D:1      | Reached XP level 1. HP: 10/10 MP: 6/6
   144 | D:1      | Reached XP level 2. HP: 15/15 MP: 2/8
   641 | D:1      | Reached XP level 3. HP: 17/19 MP: 0/9
  1404 | D:2      | Noticed a bullfrog
  1410 | D:2      | Killed a bullfrog
  1410 | D:2      | Reached skill level 4 in Spellcasting
  1410 | D:2      | Reached XP level 4. HP: 19/24 MP: 6/12
  1526 | D:2      | Noticed Natasha
  1533 | D:2      | Killed Natasha
  1533 | D:2      | Reached XP level 5. HP: 13/28 MP: 5/13
  1671 | D:2      | Noticed Terence
  1697 | D:2      | Learned a level 2 spell: Throw Flame
  1701 | D:2      | Learned a level 3 spell: Conjure Flame
  2234 | D:2      | Noticed Jessica
  2240 | D:2      | Killed Jessica
  2260 | D:2      | Killed Terence
  2595 | D:2      | Noticed Natasha
  2599 | D:2      | Killed Natasha
  2639 | D:2      | Noticed Natasha
  2648 | D:2      | Killed Natasha
  2648 | D:2      | Reached XP level 6. HP: 25/32 MP: 9/15
  2748 | D:3      | Reached skill level 5 in Spellcasting
  3110 | D:3      | Found an iron altar of Okawaru.
  3110 | D:3      | Noticed Grinder
  3452 | D:4      | Found a staircase to the Ecumenical Temple.
  3460 | Temple   | Entered the Ecumenical Temple
  3669 | D:4      | Found a radiant altar of Vehumet.
  3679 | D:4      | Became a worshipper of Vehumet
  3743 | D:4      | Reached skill level 5 in Fire Magic
  3866 | D:4      | Found a shadowy altar of Dithmenos.
  4076 | D:4      | Reached skill level 5 in Dodging
  4076 | D:4      | Reached XP level 7. HP: 24/36 MP: 12/17
  4355 | D:4      | Found an opulent altar of Gozag.
  4356 | D:4      | Found a sparkling altar of Nemelex Xobeh.
  4379 | D:5      | Entered Level 5 of the Dungeon
  4588 | D:5      | Found Fouv's Magic Scroll Emporium.
  4603 | D:5      | Found Ziuneut's Magic Scroll Shoppe.
  4718 | D:5      | Reached skill level 6 in Spellcasting
  4720 | D:5      | Reached * piety under Vehumet
  4720 | D:5      | Offered knowledge of Freeze by Vehumet.
  4971 | D:4      | HP: 1/36 [crimson imp (4)]
  4971 | D:4      | Slain by a crimson imp

Levels and vault maps discovered:
D:1:      minmay_arrival_plants_in_alcoves, layout_loops_cross
D:2:      layout_loops_ring, uniq_natasha, uniq_terence, uniq_jessica
D:3:      layout_basic, okawaru_metal_pillars_1_2, uniq_grinder
D:4:      layout_cave_pools, vehumet_statue, grunt_dithmenos_shadows,
          grunt_temple_overflow_opulence, minmay_temple_entry_stoned_glass
D:5:      minmay_clustersquares, layout_loops_ring,
          gammafunk_temple_overflow_claw, serial_shops, shop,
          kennysheep_little_box, nicolae_shop_overgrown_old_shop, first_ration,
          grunt_ministairs_6, hangedman_abyss_or_decor_stagger
Temple:   jpeg_temple_clearing

Skill      XL: |  1  2  3  4  5  6  7 |
---------------+----------------------+-----
Dodging        | 3 4 5 |  5.7
Conjurations   | 2 3 4 |  4.7
Spellcasting   | 4 5 6 |  6.3
Fire Magic     | 4 5 |  5.8
Stealth        | |  2.4

Action                   |  1- 3 |  4- 6 |  7- 9 || total
-------------------------+-------+-------+-------++-------
Melee: Unarmed           |       |     1 |       ||     1
       Staff             |       |       |    41 ||    41
 Cast: Flame Tongue      |    78 |   145 |    29 ||   252
       Conjure Flame     |       |       |     2 ||     2
  Use: Scroll            |       |     7 |       ||     7
  Eat: Chunk             |     1 |     8 |     3 ||    12
Armor: Robe              |     4 |     9 |     8 ||    21
Dodge: Dodged            |    25 |    60 |    47 ||   132

Table legend:
 A = Non-vault XP
 B = Vault XP
 C = Vault XP percentage of total XP
 D = Non-vault monster count
 E = Vault monster count
 F = Vault count percentage of total count
                 A         B        C        D         E       F
            +---------+---------+-------+---------+---------+-------
      Total |     522 |     691 |  57.0 |      99 |      12 |  10.8
            +---------+---------+-------+---------+---------+-------
        D:1 |      64 |       0 |   0.0 |      35 |       0 |   0.0
        D:2 |     235 |     103 |  30.5 |      31 |       3 |   8.8
        D:3 |      69 |       0 |   0.0 |      17 |       0 |   0.0
        D:4 |     151 |     125 |  45.3 |      14 |       1 |   6.7
        D:5 |       1 |     463 |  99.8 |       1 |       8 |  88.9
     Temple |       2 |       0 |   0.0 |       1 |       0 |   0.0
            +---------+---------+-------+---------+---------+-------
